 Dungeon Crawl Stone Soup version 0.27-a0-1438-g9b7c6745da (webtiles) character file.

Game seed: 5879778347959212154

243 AarnesTheHuman the Chiller (level 5, -5/39 HPs)
             Began as a Demonspawn Ice Elementalist on July 4, 2021.
             Was an Initiate of Makhleb.
             Slain by an ogre (18 damage)
             ... on level 4 of the Dungeon.
             The game lasted 00:06:47 (3545 turns).

AarnesTheHuman the Chiller (DsIE)                   Turns: 3545, Time: 00:06:48

Health: -5/39      AC:  6    Str:  9    XL:     5   Next: 82%
Magic:  8/9        EV: 12    Int: 17    God:    Makhleb [......]
Gold:   151        SH:  0    Dex: 13    Spells: 9/10 levels left

rFire    . . .     SeeInvis .   k - +4 short sword
rCold    . . .     Faith    .   (no shield)
rNeg     . . .     Spirit   .   a - +1 robe
rPois    .         Reflect  .   (no helmet)
rElec    .         Harm     .   (no cloak)
rCorr    .         Rampage  .   (no gloves)
Will     .....                  (no boots)
Stlth    ++........             (no amulet)
HPRegen  0.13/turn              (no ring)
MPRegen  0.11/turn              (no ring)

@: no status effects
A: molten scales 2, spiny 1
a: Renounce Religion


You were on level 4 of the Dungeon.
You worshipped Makhleb.
Makhleb was noncommittal.
You visited 2 branches of the dungeon, and saw 5 of its levels.

You collected 151 gold pieces.

Inventory:

Hand Weapons
 c - a +0 short sword
 k - a +4 short sword (weapon)
Armour
 a - a +1 robe (worn)
Scrolls
 h - 2 scrolls of fog
 i - a scroll of noise
Potions
 b - 2 potions of curing {unknown}
 d - 2 potions of haste {unknown}
 e - a potion of ambrosia {unknown}
 g - a potion of lignification {unknown}
 j - 2 potions of resistance {unknown}
 m - a potion of mutation {unknown}
 n - a potion of heal wounds {unknown}


   Skills:
 + Level 2.5 Fighting
 - Level 1.7 Dodging
 - Level 1.7 Stealth
 + Level 3.2 Spellcasting
 * Level 5.2 Ice Magic
 + Level 0.5 Invocations


You had 9 spell levels left.
You knew the following spells:

 Your Spells              Type           Power      Damage    Failure   Level
a - Freeze                Ice            80%        1d9       1%          1

Your spell library contained the following spells:

 Spells                   Type           Power      Damage    Failure   Level
 Frozen Ramparts          Ice            40%        1d6       6%          3
 Ozocubu's Armour         Ice            20%        N/A       6%          3
 Animate Skeleton         Necr           4%         N/A       17%         1
 Apportation              Tloc           4%         N/A       17%         1
 Corona                   Hex            2%         N/A       17%         1
 Summon Small Mammal      Summ           8%         N/A       17%         1
 Sublimation of Blood     Necr           1%         N/A       26%         2
 Wereblood                Tmut           2%         N/A       26%         2
 Hailstorm                Conj/Ice       11%        3d5       50%         4
 Summon Hydra             Summ           1%         N/A       100%        7


Dungeon Overview and Level Annotations

Branches:
Dungeon (4/15)             Temple (1/1) D:4

Altars:
Ashenzari
Cheibriados
Dithmenos
Elyvilon
Fedhas
Gozag
Hepliaklqana
Kikubaaqudgha
Makhleb
Qazlal
Ru
Sif Muna
Trog
Uskayaw
Xom
Zin
The Shining One


Innate Abilities, Weirdness & Mutations

You are mostly covered in molten scales. (AC +3)
You are partially covered in sharp spines.


Message History

The hound barely misses you.
You completely miss the hound.
The hound is heavily wounded.
The hound is struck by your spines. The hound bites you but does no damage.
You barely miss the hound.
The hound is heavily wounded.
The hound is struck by your spines. The hound barely misses you.
The hound bites you.
You closely miss the hound.
The hound is severely wounded.
The hound closely misses you. The hound bites you.
You closely miss the hound.
The hound is severely wounded.
The hound barely misses you.
You hit the hound.
The hound is almost dead.
The hound is struck by your spines.
You kill the hound!
Makhleb accepts your kill.
No target in view!
HP restored.
You now have 134 gold pieces (gained 14).
You now have 151 gold pieces (gained 17).
An ogre comes into view. It is wielding a +0 giant club.
The ogre shouts!
You hit the ogre.
The ogre is lightly wounded.
The ogre is struck by your spines.
The ogre hits you with a +0 giant club!!
Ouch! That really hurt!
Casting: Freeze (safe; 1% risk of failure)
Confirm with . or Enter, or press ? or * to list all spells.
Aiming: Freeze (safe; 1% risk of failure)
Press: ? - help, Shift-Dir - straight line, f - ogre
Aim: an ogre, wielding a +0 giant club (moderately wounded)
You freeze the ogre.
The ogre is heavily wounded.
The ogre is struck by your spines.
The ogre hits you with a +0 giant club!!
You die...

....)....#
#....###.#
#.....##.#
#....###.#####
..#.#........#
#.....##.###.#####
..#.####.# #.....#
#........# #.###.#
.....##### #.# #@#
..#...## #.# #O#
..#....## #.. ..#
#.#.#...# #...###
.###....+ ....
..#...#..# #...
.....#....###.
#.>.#####..#.
.รท...# .#.#


You could see an ogre.

Vanquished Creatures
  A hound (D:4)
  An orc wizard (D:3)
  6 adders (D:3)
  3 river rats (D:3)
  4 worms
  A dart slug (D:3)
  12 orcs (D:3)
  5 bats
  8 endoplasms
  2 goblins (D:2)
  6 hobgoblins
  11 jackals
  5 quokkas
  3 ball pythons
  4 frilled lizards
  5 kobolds
  6 rats
83 creatures vanquished.

Notes
Turn   | Place    | Note
-------+----------+-------------------------------------------
     0 | D:1      | AarnesTheHuman the Demonspawn Ice Elementalist began the
                  | quest for the Orb.
     0 | D:1      | Reached XP level 1. HP: 13/13 MP: 3/3
   173 | D:1      | Gained mutation: You are partially covered in sharp spines.
                  | [demonic ancestry]
   173 | D:1      | Reached XP level 2. HP: 17/20 MP: 0/5
   353 | D:1      | Found a faded altar of an unknown god.
   524 | D:1      | Reached skill level 4 in Ice Magic
   797 | D:2      | Reached skill level 1 in Fighting
   920 | D:2      | Gained mutation: You are partially covered in molten
                  | scales. (AC +2) [demonic ancestry]
   920 | D:2      | Reached XP level 3. HP: 23/26 MP: 6/6
  1663 | D:3      | Gained mutation: You are mostly covered in molten scales.
                  | (AC +3) [demonic ancestry]
  1663 | D:3      | Reached XP level 4. HP: 30/32 MP: 7/7
  1810 | D:3      | HP: 1/33 [orc (3)]
  1815 | D:3      | Reached XP level 5. HP: 2/38 MP: 4/9
  2179 | D:3      | Reached skill level 5 in Ice Magic
  2798 | D:3      | Found a sacrificial altar of Ru.
  3205 | D:4      | Found a staircase to the Ecumenical Temple.
  3212 | Temple   | Entered the Ecumenical Temple
  3412 | Temple   | Became a worshipper of Makhleb the Destroyer
  3541 | D:4      | Noticed an ogre
  3545 | D:4      | Slain by an ogre

Illustrated notes

Levels and vault maps discovered:
D:1:      erik_arrival_triangle_small, layout_basic,
          ebering_ecumenical_altar_box
D:2:      layout_basic
D:3:      layout_loops_ring, nicolae_ru_path_of_blood,
          lightli_sewer_entry_pipes, serial_park_tiny_2
D:4:      layout_loops_corners, gammafunk_temple_overflow_statue,
          minmay_temple_entry_arrows
Temple:   eino_temple_rhombus

Skill      XL: |  1  2  3  4  5 |
---------------+----------------+-----
Ice Magic      | 4 5 |  5.2
Fighting       | 1 2 |  2.5
Spellcasting   | 3 |  3.2
Dodging        | |  1.7
Stealth        | |  1.7
Invocations    | |  0.5

Action                   |  1- 3 |  4- 6 || total
-------------------------+-------+-------++-------
Melee: Unarmed           |    18 |       ||    18
       Short sword       |    73 |    74 ||   147
 Cast: Freeze            |    18 |    16 ||    34
  Use: Scroll            |       |     4 ||     4
 Stab: Sleeping          |     2 |     3 ||     5
Armor: Robe              |    17 |    14 ||    31
Dodge: Dodged            |    75 |    36 ||   111

Table legend: (Time is in decaauts)
 A = Elapsed time spent in this place.
 B = Non-inter-level travel time spent in this place.
 C = Inter-level travel time spent in this place.
 D = Time resting spent in this place.
 E = Time spent auto-exploring this place.
 F = Levels seen in this place.
 G = Mean time per level.
                   A        B        C        D        E       F      G
               +--------+--------+--------+--------+--------+-----+--------+
         Total |   3603 |   3519 |     84 |    881 |   1949 |   5 |  720.6 |
       Dungeon |   3396 |   3326 |     70 |    881 |   1789 |   4 |  849.0 |
        Temple |    206 |    192 |     14 |      0 |    160 |   1 |  206.0 |
               +--------+--------+--------+--------+--------+-----+--------+

Top non-repeatable levels by time:
     D:3: 1183 daAuts
     D:2: 1042 daAuts
     D:1: 671 daAuts
     D:4: 499 daAuts
  Temple: 206 daAuts
